 Dungeon Crawl Stone Soup version 0.26-a0-259-g1effd001a9 (webtiles) character file.

Game seed: 18421288896744072327

28 Sorcv the Chiller (level 3, 0/31 HPs)
             Began as an Ogre Ice Elementalist on July 27, 2020.
             Slain by Sigmund
             ... wielding a +0 scythe
              (11 damage)
             ... on level 2 of the Dungeon.
             The game lasted 00:11:36 (719 turns).

Sorcv the Chiller (Ogre Ice Elementalist)            Turns: 719, Time: 00:11:36

Health: 0/31       AC:  3    Str: 12    XL:     3   Next: 12%
Magic:  3/7        EV: 10    Int: 17    God:
Gold:   45         SH:  0    Dex:  9    Spells: 7/8 levels left

rFire    . . .     SeeInvis .   (no weapon)
rCold    . . .     Faith    .   (no shield)
rNeg     . . .     Spirit   .   a - +0 robe
rPois    .         Reflect  .   (helmet restricted)
rElec    .         Harm     .   (no cloak)
rCorr    .                      (gloves unavailable)
MR       .....                  (boots unavailable)
Stlth    +.........             (no amulet)
HPRegen  0.10/turn              (no ring)
MPRegen  0.10/turn              (no ring)

@: no status effects
A: large, unfitting armour, tough skin 1
a: no special abilities


You were on level 2 of the Dungeon.
You were very full.

You visited 1 branch of the dungeon, and saw 2 of its levels.

You collected 45 gold pieces.

Inventory:

Hand Weapons
 g - a +0 dagger
Missiles
 f - 5 boomerangs (quivered)
Armour
 a - a +0 robe (worn)
Scrolls
 d - 2 scrolls of identify
Comestibles
 c - 2 rations


   Skills:
 - Level 1.9 Dodging
 - Level 1.4 Stealth
 + Level 3.0 Spellcasting
 * Level 4.1 Ice Magic


You had 7 spell levels left.
You knew the following spells:

 Your Spells              Type           Power        Failure   Level
a - Freeze                Ice            ###.         3%          1

Your spell library contained the following spells:

 Spells                   Type           Power        Failure   Level
 Frozen Ramparts          Ice            ###...       10%         3
 Ozocubu's Armour         Chrm/Ice       #.......     22%         3
 Hailstorm                Conj/Ice       #.......     58%         4
 Summon Ice Beast         Ice/Summ       #.......     58%         4


Dungeon Overview and Level Annotations

Branches:
Dungeon (2/15)

Altars:
Okawaru

Annotations:
D:2 Sigmund


Innate Abilities, Weirdness & Mutations

You are too large for most types of armour.
You have tough skin. (AC +1)


Message History

Sigmund is heavily wounded.
Sigmund mumbles some strange words.
Sigmund flickers and vanishes!
Deactivating autopickup; reactivate with Ctrl-A.
Casting: Freeze (safe; 3% risk of failure)
Confirm with . or Enter, or press ? or * to list all spells.
You can't see any susceptible monsters within range! (Use Z to cast anyway.)
Casting: Freeze (safe; 3% risk of failure)
Confirm with . or Enter, or press ? or * to list all spells.
You don't know that spell.
Casting: Freeze (safe; 3% risk of failure)
Confirm with . or Enter, or press ? or * to list all spells.
You can't see any susceptible monsters within range! (Use Z to cast anyway.) Throwing (i - inventory. (/) - cycle)
e - an atropa-tipped dart (quivered)
Press: ? - help, Shift-Dir - straight line You throw an atropa-tipped dart.
Something hits you.
* * * LOW HITPOINT WARNING * * *
You feel better.
You hit something but do no damage. Something hits you!
You die...

.....w..............'@........'..
.......#####.#...####.........#..
#..#...# #.##.## ##.......##..
##.##### #....(# ##.....###≈≈ #.#
#####.# ##...## #g≈ #.# #.# ##+##
#≈≈ ##.# #.# K.. #.. ...# #{#
#..## #.8 #### #@# #..# #..
#.#######... ### #.........w.
########..l.


There were no monsters in sight!

Vanquished Creatures
  An adder (D:2)
  A leopard gecko (D:2)
  2 goblins
  4 hobgoblins
  3 jackals (D:2)
  3 bats
  A frilled lizard (D:1)
  2 rats (D:2)
17 creatures vanquished.

Notes
Turn   | Place    | Note
-------+----------+-------------------------------------------
     0 | D:1      | Sorcv the Ogre Ice Elementalist began the quest for the
                  | Orb.
     0 | D:1      | Reached XP level 1. HP: 16/16 MP: 3/3
   312 | D:1      | Reached XP level 2. HP: 12/24 MP: 3/5
   458 | D:2      | Reached skill level 4 in Ice Magic
   568 | D:2      | Found an iron altar of Okawaru.
   598 | D:2      | Reached XP level 3. HP: 12/31 MP: 2/7
   633 | D:2      | Noticed Sigmund
   719 | D:2      | Slain by Sigmund

Illustrated notes

Levels and vault maps discovered:
D:1:      dpeg_arrival_stone_temple_mockup, layout_basic, serial_park_tiny_1
D:2:      minmay_razor_zed, layout_loops_corners, kennysheep_okawaru_gauntlet,
          uniq_sigmund, uniq_robin, uniq_natasha

Skill      XL: |  1  2 |
---------------+-------+-----
Ice Magic      | 4 |  4.1
Spellcasting   | 3 |  3.0
Dodging        | |  1.9
Stealth        | |  1.4

Action                   || total
-------------------------++-------
Melee: Unarmed           ||    61
Throw: Dart              ||     7
       Boomerang         ||     1
 Cast: Freeze            ||    28
  Use: Scroll            ||     1
       Potion            ||     2
  Eat: Ration            ||     2
Armor: Robe              ||    18
Dodge: Dodged            ||    45

Table legend:
 A = Non-vault XP
 B = Vault XP
 C = Vault XP percentage of total XP
 D = Non-vault monster count
 E = Vault monster count
 F = Vault count percentage of total count
                 A         B        C        D         E       F
            +---------+---------+-------+---------+---------+-------
      Total |      25 |      15 |  37.5 |      15 |       2 |  11.8
            +---------+---------+-------+---------+---------+-------
        D:1 |      10 |       0 |   0.0 |       6 |       0 |   0.0
        D:2 |      15 |      15 |  50.0 |       9 |       2 |  18.2
            +---------+---------+-------+---------+---------+-------
